 Dungeon Crawl Stone Soup version 0.16.0-18-g484a79e (webtiles) character file.

3718 Ironfoot the Grappler (level 9, -5/100 HPs)
             Began as a Troll Monk on Mar 22, 2015.
             Was a Believer of Okawaru.
             Killed by divine providence
             ... invoked by an orc priest
              (12 damage)
             ... on level 8 of the Dungeon.
             The game lasted 00:19:32 (7500 turns).

Ironfoot the Grappler (Troll Monk)                  Turns: 7500, Time: 00:19:32

Health: -5/100     AC:  6    Str: 22    XL:     9   Next: 92%
Magic:  0/4        EV: 14    Int:  6    God:    Okawaru [**....]
Gold:   319        SH:  0    Dex: 14    Spells: 1 memorised, 6 levels left

rFire  + . .     SeeInvis .       - Unarmed
rCold  . . .     Clarity  .     a - +0 robe
rNeg   . . .     SustAb   .     (shield restricted)
rPois  +         Gourm    +     (helmet restricted)
rElec  .         Spirit   +     I - +0 cloak
rCorr  .         Warding  .     (gloves unavailable)
rMut   .         Stasis   .     (boots unavailable)
MR     .....                    s - amulet of guardian spirit
Stlth  ++........               p - ring of poison resistance
                                t - ring of protection from fire

@: lethally poisoned (-5 -> -5), heroism, not resistant to hostile enchantments,
unstealthy
A: unfitting armour, claws 3, fast metabolism 3, gourmand, regeneration 2,
shaggy fur 1, tough skin 2
a: Heroism, Renounce Religion


You were on level 8 of the Dungeon.
You worshipped Okawaru.
Okawaru was pleased with you.
You were not hungry.

You visited 2 branches of the dungeon, and saw 9 of its levels.
You also visited: Ossuary.

You collected 319 gold pieces.

Inventory:

Armour
 a - a +0 robe (worn)
 I - a +0 cloak (worn)
Jewellery
 k - an uncursed amulet of warding
 p - a ring of poison resistance (right claw)
 s - an amulet of guardian spirit (around neck)
 t - a ring of protection from fire (left claw)
 J - an uncursed ring of wizardry {unknown}
Magical devices
 D - a wand of disintegration (2)
 G - a wand of polymorph (3)
Scrolls
 d - a scroll of recharging
 e - a scroll of fog {unknown}
 f - a scroll of remove curse
 j - a scroll of immolation {unknown}
 n - 2 scrolls of fear {unknown}
 o - 4 scrolls of enchant weapon {unknown}
 q - 3 scrolls of enchant armour {unknown}
 r - 12 scrolls of identify
 u - 3 scrolls of random uselessness {unknown}
 v - a scroll of amnesia {unknown}
 y - a scroll of magic mapping {unknown}
 F - 3 scrolls of teleportation {unknown}
Potions
 c - 2 potions of flight {unknown}
 g - 4 potions of restore abilities {unknown}
 h - 3 potions of brilliance {unknown}
 l - 5 potions of curing {unknown}
 m - a potion of mutation {unknown}
 w - a potion of invisibility {unknown}
 x - a potion of degeneration {unknown}
 z - 3 potions of lignification {unknown}
 A - a potion of might {unknown}
 B - a potion of cancellation {unknown}
 C - 3 potions of magic {unknown}
 E - a potion of poison {unknown}
Comestibles
 b - 5 meat rations
 i - 4 bread rations
 H - 4 fruits


   Skills:
 + Level 9.5(14.5) Fighting
 - Level 2.4(7.4) Dodging
 - Level 1.1(6.1) Stealth
 - Level 10.0(15.0) Unarmed Combat


You had 6 spell levels left.
You knew the following spells:

 Your Spells              Type           Power        Failure   Level  Hunger
a - Stoneskin             Trmt/Erth      #.......     77%         2    ###....


Dungeon Overview and Level Annotations

Branches:
Dungeon (8/15)             Temple (1/1) D:7
   Lair: D:8-11

Altars:
Ashenzari
Cheibriados
Elyvilon
Fedhas
Gozag
Kikubaaqudgha
Makhleb
Nemelex Xobeh
Okawaru
Qazlal
Ru
Sif Muna
Trog
Vehumet
Xom
Yredelemnul
Zin


Innate Abilities, Weirdness & Mutations

You are too large for most types of armour.
You have claws for hands.
Your metabolism is lightning-fast.
You like to eat raw meat.
You heal very quickly.
You are covered in fur (AC +1).
You have very tough skin (AC +2).


Message History

* * * LOW HITPOINT WARNING * * *
The warg bites you.
* * * LOW HITPOINT WARNING * * *
Items here: ( )) [[ a short sword; a leather armour; a mace; 6 poisoned tomahawks; a chain mail The orc priest mumbles some strange prayers to Beogh against you.
You hear some strange, mumbled words.
The puff of flame misses you. The warg closely misses you.
You open the door.
You feel sick. The warg bites you but does no damage. The warg bites you!
* * * LOW HITPOINT WARNING * * *
There is an open door here.
You scratch the warg.
The warg begins to bleed from its wounds!
The warg is almost dead.
The warg bites you.
* * * LOW HITPOINT WARNING * * *
The orc priest mumbles some strange prayers to Beogh against you.
Something smites you!
You die...

..#+##....'.......
..................
........._.........
.................
.........#.......
.####....##'####
##+##.<..####
+.ooo#..+ #..o.h@.#
#....#..# #....#+##
#####. .. ... ....
... .


You could see a warg (bleeding), 2 orc priests and 2 orcs.

Vanquished Creatures
  The ghost of Anothat the Geomancer, an experienced GrEE (D:4)
  A warg (D:8)
  3 orc warriors
  An ice beast (D:7)
  3 sky beasts
  The ghost of CrazyArbalest the Bolt Thrower, an average CeHu (D:3)
  3 phantoms
  3 ogres
  Sigmund (D:2)
  2 giant frogs
  A gnoll sergeant (D:6)
  3 scorpions
  8 wights
  7 crimson imps
  4 jellies
  An iguana (D:6)
  2 hounds
  A giant frog skeleton (D:6)
  3 orc priests
  6 orc wizards
  4 worker ants
  A hound skeleton (D:4)
  A hound zombie (D:5)
  12 mummies (Ossuary)
  A worker ant zombie (D:6)
  Robin (D:2)
  11 adders
  4 gnolls (D:6)
  A shadow imp (D:6)
  2 worms (D:3)
  2 adder skeletons
  2 adder zombies
  2 giant geckos (D:3)
  An ooze (D:1)
  9 orcs
  8 bats
  3 bat skeletons
  2 bat zombies (D:5)
  4 giant cockroaches
  13 goblins
  13 hobgoblins
  10 jackals
  9 kobolds
  A quokka (D:7)
  A ball python skeleton (D:4)
  5 giant newts
  4 gnoll skeletons (Ossuary)
  A goblin skeleton (Ossuary)
  A kobold skeleton (Ossuary)
  2 orc skeletons (Ossuary)
  13 rats
  11 rat skeletons (Ossuary)
210 creatures vanquished.

Notes
Turn   | Place    | Note
--------------------------------------------------------------
     0 | D:1      | Ironfoot, the Troll Monk, began the quest for the Orb.
     0 | D:1      | Reached XP level 1. HP: 22/22 MP: 1/1
   480 | D:1      | Reached XP level 2. HP: 29/29 MP: 1/1
   692 | D:2      | Found a blossoming altar of Fedhas.
   708 | D:2      | Noticed Sigmund
   874 | D:2      | Noticed Robin
   883 | D:2      | Reached skill level 5 in Unarmed Combat
   885 | D:2      | Reached XP level 3. HP: 36/36 MP: 2/2
   894 | D:2      | Killed Robin
  1572 | D:3      | Found a sparkling altar of Nemelex Xobeh.
  1591 | D:3      | Reached XP level 4. HP: 36/44 MP: 2/2
  1692 | D:3      | Noticed CrazyArbalest's ghost (average CeHu)
  1709 | D:3      | Killed CrazyArbalest's ghost
  1709 | D:3      | Reached skill level 6 in Unarmed Combat
  1709 | D:3      | Reached XP level 5. HP: 30/50 MP: 2/2
  1749 | D:3      | Found a glowing silver altar of Zin.
  2143 | D:4      | Reached skill level 7 in Unarmed Combat
  2157 | D:4      | Reached XP level 6. HP: 46/59 MP: 3/3
  2293 | D:4      | Found a sand-covered staircase.
  2323 | Ossuary  | Entered an ossuary
  2394 | Ossuary  | Reached skill level 8 in Unarmed Combat
  2785 | D:4      | Reached XP level 7. HP: 55/66 MP: 3/3
  2925 | D:4      | Noticed an ogre
  2930 | D:4      | Killed an ogre
  2993 | D:4      | Reached skill level 9 in Unarmed Combat
  3141 | D:4      | Noticed Anothat's ghost (experienced GrEE)
  3149 | D:4      | Killed Anothat's ghost
  3149 | D:4      | Reached skill level 10 in Unarmed Combat
  3156 | D:4      | Found a sacrificial altar of Ru.
  3516 | D:4      | Reached XP level 8. HP: 67/74 MP: 3/3
  3881 | D:2      | Killed Sigmund
  4069 | D:5      | Entered Level 5 of the Dungeon
  4594 | D:5      | Found a deep blue altar of Sif Muna.
  5177 | D:6      | Reached skill level 5 in Fighting
  5378 | D:6      | Reached XP level 9. HP: 86/92 MP: 4/4
  5869 | D:7      | Found a staircase to the Ecumenical Temple.
  5876 | Temple   | Entered the Ecumenical Temple
  5884 | Temple   | Became a worshipper of Warmaster Okawaru
  5884 | Temple   | Acquired Okawaru's first power
  6136 | D:7      | Learned a level 2 spell: Stoneskin
  7085 | D:7      | Found a stormy altar of Qazlal.
  7341 | D:8      | Found a bloodstained altar of Trog.
  7500 | D:8      | Killed from afar by an orc priest

Action                   |  1- 3 |  4- 6 |  7- 9 || total
-------------------------+-------+-------+-------++-------
Melee: Unarmed           |    75 |   172 |   337 ||   584
Invok: Heroism           |       |       |     1 ||     1
  Use: Scroll            |     3 |     1 |     2 ||     6
 Stab: Sleeping          |     1 |     3 |     3 ||     7
       Paralysed         |       |       |     2 ||     2
       Distracted        |       |       |     1 ||     1
  Eat: Chunk             |    17 |     9 |    36 ||    62
       Meat ration       |       |       |     1 ||     1
